 Dungeon Crawl Stone Soup version 0.28-a0-230-g086cc6695f (webtiles) character file.

Game seed: 2941936492279559147

71 Conn the Firebug (level 4, -5/29 HPs)
             Began as an Octopode Fire Elementalist on Aug 22, 2021.
             Killed by divine providence
             ... invoked by an orc priest
              (12 damage)
             ... on level 3 of the Dungeon.
             The game lasted 00:03:32 (2325 turns).

Conn the Firebug (Octopode Fire Elementalist)       Turns: 2325, Time: 00:03:32

Health: -5/29      AC:  3    Str:  7    XL:     4   Next: 24%
Magic:  7/7        EV: 13    Int: 18    God:
Gold:   52         SH:  0    Dex: 12    Spells: 7/8 levels left

rFire   . . .      SeeInvis .   c - +0 short sword
rCold   . . .      Faith    .   (no shield)
rNeg    . . .      Spirit   .   (helmet restricted)
rPois   .          Reflect  .   (no amulet)
rElec   .          Harm     .   (no ring)
rCorr   .          Rampage  .   (no ring)
Will    .....                   (no ring)
Stlth   +++.......              (no ring)
HPRegen 0.09/turn               (no ring)
MPRegen 0.10/turn               (no ring)
                                (no ring)
                                (no ring)

@: no status effects
A: almost no armour, amphibious, 8 rings, camouflage 1, gelatinous body 1,
(nimble swimmer 1), tentacles, iridescent scales 1, robust 1
a: no special abilities


You were on level 3 of the Dungeon.
You visited 1 branch of the dungeon, and saw 3 of its levels.

You collected 52 gold pieces.

Inventory:

Hand Weapons
 c - a +0 short sword (weapon)
Potions
 d - a potion of invisibility {unknown}
 e - 2 potions of lignification {unknown}
 f - a potion of flight {unknown}


   Skills:
 + Level 1.1 Short Blades
 + Level 2.1 Dodging
 + Level 3.0 Stealth
 + Level 2.6 Spellcasting
 + Level 1.8 Conjurations
 + Level 3.7 Fire Magic


You had 7 spell levels left.
You knew the following spells:

 Your Spells              Type           Power      Damage    Failure   Level
a - Foxfire               Conj/Fire      48%        2x1d6     5%          1

Your spell library contained the following spells:

 Spells                   Type           Power      Damage    Failure   Level
 Conjure Flame            Conj/Fire      12%        6-21      16%         3
 Inner Flame              Hex/Fire       9%         N/A       24%         3
 Sticky Flame             Conj/Fire      12%        2d4       47%         4
 Fireball                 Conj/Fire      6%         3d5       83%         5


Dungeon Overview and Level Annotations

Branches:
Dungeon (3/15)

Altars:


Innate Abilities, Weirdness & Mutations

You cannot wear most types of armour.
You are amphibious.
You can wear up to eight rings at the same time.
Your skin changes colour to match your surroundings (Stealth+).
Your rubbery body absorbs attacks. (AC +1, EV +1)
((You are camouflaged near water. (Stealth+)))
You have tentacles for arms and can constrict up to eight enemies at once.
You are partially covered in iridescent scales. (AC +2)
You are robust. (+10% HP)


Message History

You kill the hobgoblin!
You see here a hobgoblin corpse.
An orc wizard comes into view. It is wielding a +0 dagger.
Found a chain mail.
An orc comes into view. It is wielding a +0 whip.
Found 18 gold pieces.
An orc priest comes into view.
It is wielding a +2 hand axe of distortion.
The orc priest shouts!
The orc shouts!
You hit the orc wizard. Your grab misses the orc wizard.
Your squeeze misses the orc wizard.
The orc wizard is lightly wounded.
The orc wizard barely misses you.
The orc priest calls down the wrath of Beogh upon you.
Beogh smites you!
Okay, then.
Okay, then.
Unknown command.
Unknown command.
Unknown command.
Okay, then.
As you read the scroll labelled WOROPY NUUWK, it crumbles to dust.
It is a scroll of identify.
a - a potion of curing The orc wizard barely misses you.
The orc priest invokes the aid of Beogh against you.
Beogh smites you!
* * * LOW HITPOINT WARNING * * *
You feel better.
The orc wizard hits you with a +0 dagger.
* * * LOW HITPOINT WARNING * * *
The orc priest looks satisfied for a moment.
You aren't carrying any scrolls.
Unknown command.
It was a potion of mutation.
You feel extremely strange.
Iridescent scales grow over part of your body.
You feel robust.
The orc priest invokes the aid of Beogh against you.
Beogh smites you!
You die...

#.## ...# ###### #.o#
...... #..# # ##.[# #
#.o. # #.# #..# # #.#
#o.# # #.# #@.# # #.#
#..# # #.# #..# # #.#
#..# # #.#####..#
##########........#
..........#######.#
#########.#######.######
# #.................


You could see an orc priest, an orc wizard and an orc.

Vanquished Creatures
  An adder (D:2)
  3 dart slugs (D:2)
  3 orcs (D:3)
  2 ball pythons (D:2)
  5 endoplasms
  3 giant cockroaches
  5 goblins (D:1)
  7 hobgoblins
  3 jackals (D:2)
  A quokka (D:1)
  3 bats (D:2)
  3 frilled lizards (D:1)
  4 kobolds
  4 rats (D:1)
47 creatures vanquished.

Vanquished Creatures (others)
  96 foxfires
96 creatures vanquished.

Grand Total: 143 creatures vanquished

Notes
Turn   | Place    | Note
-------+----------+-------------------------------------------
     0 | D:1      | Conn the Octopode Fire Elementalist began the quest for the
                  | Orb.
     0 | D:1      | Reached XP level 1. HP: 11/11 MP: 3/3
   307 | D:1      | Reached XP level 2. HP: 17/17 MP: 3/5
  1020 | D:1      | Reached XP level 3. HP: 21/21 MP: 0/6
  1649 | D:2      | Reached skill level 1 in Short Blades
  2033 | D:2      | Reached XP level 4. HP: 27/27 MP: 7/7
  2325 | D:3      | Gained mutation: You are partially covered in iridescent
                  | scales. (AC +2) [potion of mutation]
  2325 | D:3      | Gained mutation: You are robust. (+10% HP) [potion of
                  | mutation]
  2325 | D:3      | Killed from afar by an orc priest

Illustrated notes

Levels and vault maps discovered:
D:1:      eino_arrival_tree_alley, layout_basic, hangedman_decor_push
D:2:      layout_loops_ring
D:3:      layout_loops_ring, grunt_gozag_breadcrumbs,
          shapermc_ecumenical_altar_pompeii

Skill      XL: |  1  2  3 |
---------------+----------+-----
Stealth        | 3 |  3.0
Short Blades   | 1 |  1.1
Dodging        | |  2.1
Spellcasting   | |  2.6
Conjurations   | |  1.8
Fire Magic     | |  3.7

Action                   |  1- 3 |  4- 6 || total
-------------------------+-------+-------++-------
Melee: Constrict         |     5 |     5 ||    10
       Short sword       |    13 |    23 ||    36
       Unarmed           |     3 |       ||     3
       Tentacles         |     2 |     4 ||     6
 Cast: Foxfire           |    60 |       ||    60
  Use: Potion            |       |     2 ||     2
       Scroll            |       |     1 ||     1
 Stab: Sleeping          |     2 |     2 ||     4
Armor: Skin              |     3 |     1 ||     4
Dodge: Dodged            |    21 |    17 ||    38

Table legend: (Time is in decaauts)
 A = Elapsed time spent in this place.
 B = Non-inter-level travel time spent in this place.
 C = Inter-level travel time spent in this place.
 D = Time resting spent in this place.
 E = Time spent auto-exploring this place.
 F = Levels seen in this place.
 G = Mean time per level.
                   A        B        C        D        E       F      G
               +--------+--------+--------+--------+--------+-----+--------+
         Total |   2326 |   2296 |     30 |      0 |   1870 |   3 |  775.3 |
       Dungeon |   2326 |   2296 |     30 |      0 |   1870 |   3 |  775.3 |
               +--------+--------+--------+--------+--------+-----+--------+

Top non-repeatable levels by time:
     D:1: 1215 daAuts
     D:2: 847 daAuts
     D:3: 263 daAuts
